 Dungeon Crawl Stone Soup version 0.32-a0-612-g1c984fe9d1 (webtiles) character file.

Game seed: 14027769545966001350

116 CougarLife the Digger (level 5, -2/28 HPs)
             Began as a Gargoyle Earth Elementalist on Mar 5, 2024.
             Slain by a gnoll
             ... wielding a +0 flail
              (8 damage)
             ... on level 2 of the Dungeon.
             The game lasted 00:00:37 (1439 turns).

CougarLife the Digger (Gargoyle Earth Elementalist) Turns: 1439, Time: 00:00:38

Health: -2/28      AC:  6    Str: 12    XL:     5   Next: 1%
Magic:  6/9        EV: 11    Int: 17    God:
Gold:   231        SH:  0    Dex: 10    Spells: 9/10 levels left

rFire   . . .        (no weapon)
rCold   . . .        (no shield)
rNeg    + . .        a - +0 robe
rPois   ∞            (no helmet)
rElec   +            (no cloak)
rCorr   .            (no gloves)
SInv    .            (no boots)
Will    .....        (no amulet)
Stlth   ++           (no ring)
HPRegen 0.24/turn    (no ring)
MPRegen 0.11/turn

%: no passive effects
@: no status effects
A: sickness immunity, AC +4, negative energy resistance 1, electricity
resistance, torment resistance 1, petrification resistance
a: no special abilities


You were on level 2 of the Dungeon.
You visited 1 branch of the dungeon, and saw 2 of its levels.

You collected 231 gold pieces.

Inventory:

Armour
 a - a +0 robe (worn)
Scrolls
 f - 2 scrolls of revelation {unknown}
 i - a scroll of identify {unknown}
 j - a scroll of torment {unknown}
Potions
 b - 2 potions of magic
 c - a potion of might {unknown}
 d - 2 potions of curing {unknown}
 e - 2 potions of degeneration {unknown}
 g - a potion of heal wounds {unknown}
 h - a potion of enlightenment {unknown}
 k - a potion of invisibility {unknown}


   Skills:
 - Level 1.5 Dodging
 - Level 2.1 Stealth
 + Level 3.1 Spellcasting
 + Level 3.0 Conjurations
 + Level 4.8 Earth Magic


You had 9 spell levels left.
You knew the following spells:

 Your Spells              Type           Power      Damage    Failure   Level
a - Sandblast             Erth           38%        2d10      2%          1

Your spell library contained the following spells:

 Spells                   Type           Power      Damage    Failure   Level
 Passwall                 Erth           19%        N/A       7%          3
 Stone Arrow              Conj/Erth      30%        3d8       11%         3
 Brom's Barrelling Bould  Conj/Erth      15%        2d4       34%         4
 Petrify                  Alch/Erth      10%        N/A       54%         4


Dungeon Overview and Level Annotations

Branches:
Dungeon (2/15)

Altars:


Innate Abilities, Weirdness & Mutations

You are immune to sickness and miasma.
Your stone body is resilient. (AC +4)
You are immune to poison.
You resist negative energy. (rN+)
You are resistant to electric shocks. (rElec)
You are resistant to unholy torment.
You are immune to petrification.


Message History

You see here a +0 trident.
Found a ring mail.
No target in view!
You see here a +0 short sword.
There is an open door here.
You see here a bat skeleton.
Key pressed, stopping explore.
No target in view!
You can't see any susceptible monsters within range! (Use Z to cast anyway.) No target in view!
You can't see any susceptible monsters within range! (Use Z to cast anyway.) Key pressed, stopping explore.
No target in view!
You can't see any susceptible monsters within range! (Use Z to cast anyway.) No target in view!
A gnoll comes into view. It is wielding a +0 flail.
The gnoll shouts!
A gnoll comes into view. It is wielding a +0 spear.
You can't see any susceptible monsters within range! (Use Z to cast anyway.)
A gnoll comes into view. It is wielding a +0 whip.
The gnoll shouts!
There are monsters nearby!
The blast of sand hits the gnoll.
The gnoll is lightly wounded.
There are monsters nearby!
You closely miss the gnoll.
The gnoll is lightly wounded.
The gnoll hits you with a +0 flail!
The blast of sand hits the gnoll.
The gnoll is severely wounded.
The gnoll closely misses you. The gnoll hits you with a +0 whip.
There are monsters nearby!
The blast of sand hits the gnoll.
The gnoll is almost dead.
The gnoll hits you with a +0 flail!
* * * LOW HITPOINT WARNING * * *
The gnoll closely misses you. The gnoll barely misses you.
You are too injured to fight recklessly!
The gnoll hits you with a +0 flail!
You die...

.....#########.....#
.............♣.♣.♣.#
............)......#
.................###
.................#
.................#
.................#
..............)..#
................@#
###............g.#
#............g.#
#.............g#
#............).#
#.♣♣♣♣♣♣♣♣♣♣...#
♣#.## .. ##


You could see 3 gnolls.

Vanquished Creatures
  Natasha (twice) (D:2)
  4 adders (D:2)
  A dart slug (D:2)
  A ball python (D:2)
  7 bats
  3 endoplasms
  2 goblins (D:1)
  2 hobgoblins (D:2)
  2 jackals (D:2)
  4 kobolds
  A quokka (D:1)
  2 rats (D:2)
31 creatures vanquished.

Notes
Turn   | Place    | Note
-------+----------+-------------------------------------------
     0 | D:1      | CougarLife the Gargoyle Earth Elementalist began the quest
                  | for the Orb.
     0 | D:1      | Reached XP level 1. HP: 10/10 MP: 3/3
   219 | D:1      | Reached XP level 2. HP: 15/15 MP: 3/5
   424 | D:1      | Reached skill level 4 in Earth Magic
   657 | D:2      | Reached XP level 3. HP: 19/19 MP: 3/6
   819 | D:2      | Noticed Natasha
   824 | D:2      | Killed Natasha
   825 | D:2      | Reached XP level 4. HP: 24/24 MP: 4/8
  1087 | D:2      | Noticed Natasha
  1096 | D:2      | Killed Natasha
  1097 | D:2      | Reached XP level 5. HP: 15/28 MP: 5/9
  1439 | D:2      | Slain by a gnoll

Illustrated notes

Levels and vault maps discovered:
D:1:      wander_arrival_estate, layout_rooms, serial_bayou_crossing
D:2:      layout_basic, serial_forest, infiniplex_forest_corner_2,
          infiniplex_forest_clump_medium, infiniplex_forest_diagonal,
          infiniplex_forest_straight_1, infiniplex_forest_lined_corner,
          infiniplex_forest_straight_5, uniq_natasha

Skill      XL: |  1  2  3  4 |
---------------+-------------+-----
Earth Magic    | 4 |  4.8
Conjurations   | 2 3 |  3.0
Spellcasting   | 3 |  3.1
Dodging        | |  1.5
Stealth        | |  2.1

Action                     |  1- 3 |  4- 6 || total
---------------------------+-------+-------++-------
  Melee: Unarmed           |     8 |     9 ||    17
   Cast: Sandblast         |    31 |    18 ||    49
 Armour: Robe              |    17 |    12 ||    29
  Dodge: Dodged            |     6 |    16 ||    22

Table legend: (Time is in decaauts)
 A = Elapsed time spent in this place.
 B = Non-inter-level travel time spent in this place.
 C = Inter-level travel time spent in this place.
 D = Time resting spent in this place.
 E = Time spent auto-exploring this place.
 F = Levels seen in this place.
 G = Mean time per level.
                   A        B        C        D        E       F      G
               +--------+--------+--------+--------+--------+-----+--------+
         Total |   1473 |   1463 |     10 |      0 |   1256 |   2 |  736.5 |
       Dungeon |   1473 |   1463 |     10 |      0 |   1256 |   2 |  736.5 |
               +--------+--------+--------+--------+--------+-----+--------+

Top non-repeatable levels by time:
     D:2: 993 daAuts
     D:1: 479 daAuts
